Map: Jagannatha LE

Players

HellraiseR

  • Race: Protoss Protoss
  • League: Master
  • Spawn Location: 1:00

Denver - Winner!

  • Race: Zerg Zerg
  • League: Grandmaster
  • Spawn Location: 7:00

Event: DreamHack SC2 Masters 2020 Winter

VOD

Have the link to the VOD?

Description

Time

  • Played on: Oct. 27, 2020, 12:54 p.m.
  • Length: 12:45

All games in this series

Show
View Real Time Build Order
Export as new Build Order

HellraiseR Protoss 

Build Orders: 1 Gate Expand 

Get SALT Encoding   

  12  0:00  Probe  
  13  0:12  Probe  
  14  0:20  Pylon  
  14  0:24  Probe (Chrono Boost)  
  15  0:38  Gateway  
  15  0:40  Probe (Chrono Boost)  
  16  0:46  Probe (Chrono Boost)  
  16  0:48  Assimilator  
  17  0:54  Probe  
  18  1:06  Probe  
  19  1:18  Probe  
  20  1:24  Pylon  
  20  1:27  Cybernetics Core  
  20  1:39  Nexus  
  20  1:40  Probe  
  21  1:47  Pylon  
  21  1:52  Assimilator  
  21  2:01  Adept (Chrono Boost)  
  22  2:05  Probe  
  22  2:07  Warp Gate  
  24  2:17  Probe  
  24  2:21  Adept (Chrono Boost)  
  25  2:27  Robotics Facility  
  25  2:29  Probe  
  28  2:43  Stalker  
  31  2:44  Probe (Chrono Boost)  
  32  2:51  Probe (Chrono Boost)  
  33  3:00  Probe x2 (Chrono Boost)  
  33  3:05  Probe (Chrono Boost)  
  34  3:07  Probe  
  36  3:19  Probe  
  37  3:22  Probe  
  34  3:28  Robotics Bay, Gateway, Observer  
  36  3:34  Pylon, Probe (Chrono Boost)  
  36  3:35  Probe (Chrono Boost)  
  37  3:43  Probe (Chrono Boost)  
  37  3:46  Probe (Chrono Boost)  
  37  3:47  Pylon  
  39  3:49  Warp Prism (Chrono Boost)  
  39  3:55  Adept  
  43  3:57  Pylon  
  43  3:58  Probe x2  
  45  4:06  Gateway  
  45  4:10  Probe  
  45  4:11  Probe  
  45  4:13  Pylon  
  45  4:15  Gravitic Drive  
  47  4:18  Assimilator, Disruptor (Chrono Boost)  
  47  4:20  Assimilator  
  47  4:22  Probe  
  51  4:25  Probe  
  51  4:29  Pylon  
  52  4:34  Probe  
  52  4:37  Probe  
  54  4:45  Gateway  
  54  4:48  Gateway, Immortal (Chrono Boost)  
  54  4:51  Probe  
  59  4:53  Probe  
  59  4:58  Sentry  
  62  5:01  Sentry  
  62  5:03  Probe  
  62  5:05  Pylon, Probe  
  66  5:17  Pylon  
  68  5:26  Nexus  
  66  5:33  Probe  
  66  5:34  Probe  
  68  5:36  Stargate  
  68  5:38  Stargate  
  68  5:44  Sentry  
  68  5:45  Zealot x2, Sentry  
  68  5:48  Probe x2  
  68  5:49  Pylon  
  78  5:58  Shield Battery  
  78  6:00  Probe  
  78  6:01  Probe  
  80  6:05  Stalker  
  82  6:12  Void Ray (Chrono Boost)  
  82  6:13  Probe x2, Void Ray (Chrono Boost)  
  84  6:25  Probe x2  
  94  6:26  Assimilator  
  94  6:28  Assimilator  
  94  6:37  Protoss Air Weapons Level 1  
  94  6:38  Probe x2  
  94  6:39  Probe, Void Ray (Chrono Boost)  
  101  6:50  Zealot x4, Probe x2  
  101  6:54  Probe  
  98  7:02  Probe  
  98  7:04  Void Ray (Chrono Boost)  
  98  7:05  Probe  
  104  7:13  Probe  
  105  7:19  Pylon  
  105  7:20  Pylon  
  109  7:23  Forge  
  109  7:27  Pylon, Void Ray (Chrono Boost)  
  109  7:34  Colossus (Chrono Boost), Void Ray  
  109  7:35  Pylon  
  109  7:41  Shield Battery  
  119  7:53  Protoss Ground Weapons Level 1 (Chrono Boost)  
  119  7:59  Extended Thermal Lance  
  119  8:03  Photon Cannon  
  119  8:06  Shield Battery  
  119  8:09  Pylon  
  119  8:11  Colossus (Chrono Boost), Pylon  
  119  8:12  Pylon  
  125  8:21  Void Ray x2  
  125  8:24  Shield Battery  
  125  8:25  Photon Cannon  
  125  8:33  Zealot  
  134  8:36  Nexus  
  134  8:37  Pylon  
  134  8:38  Twilight Council  
  134  8:47  Photon Cannon  
  134  8:48  Pylon, Shield Battery  
  134  8:55  Colossus (Chrono Boost)  
  133  8:56  Zealot x2  
  133  9:00  Void Ray x2  
  143  9:09  Sentry x2  
  155  9:16  Charge  
  155  9:20  Photon Cannon  
  155  9:21  Sentry  
  153  9:32  Zealot  
  153  9:34  Stalker x2  
  153  9:37  Photon Cannon, Shield Battery  
  159  9:38  Colossus (Chrono Boost)  
  159  9:40  Pylon  
  165  9:46  Gateway  
  165  9:48  Gateway  
  165  9:51  Shield Battery, Probe  
  165  9:52  Probe  
  167  9:54  Probe  
  167  9:58  Templar Archives  
  168  10:02  Probe  
  168  10:05  Assimilator  
  167  10:08  Assimilator  
  167  10:13  Probe  
  168  10:19  Stalker x4  
  176  10:31  Fleet Beacon  
  176  10:32  Void Ray x2 (Chrono Boost)  
  176  10:34  Probe  
  176  10:35  Probe  
  174  10:43  Zealot  
  166  11:02  Void Ray x2 (Chrono Boost)  
  166  11:04  Zealot x2  
  166  11:05  Zealot x3  
  156  11:32  Zealot x3  
  138  11:33  Zealot x3  
  138  11:36  Void Ray (Chrono Boost)  
  138  11:37  Flux Vanes, Void Ray (Chrono Boost)  
  148  11:41  Stargate  
  148  11:46  Probe  
  148  11:47  Probe x2  
  159  11:50  Pylon  
  145  12:03  Void Ray (Chrono Boost)  
  145  12:04  Void Ray (Chrono Boost)  
  149  12:10  Zealot x4  
  158  12:22  Zealot x2  
  136  12:23  Probe  
  107  12:37  Zealot x4  
Show
View Real Time Build Order
Export as new Build Order

Denver Zerg - Winner!

Build Orders: Hatch First, Roach Hydra 

Get SALT Encoding   

  12  0:00  Drone  
  13  0:12  Overlord  
  13  0:18  Drone  
  14  0:32  Drone x2  
  16  0:49  Hatchery  
  15  0:52  Drone  
  15  0:56  Drone  
  17  1:00  Drone  
  18  1:14  Extractor  
  18  1:15  Spawning Pool  
  16  1:19  Drone  
  16  1:22  Drone  
  18  1:33  Drone  
  19  1:44  Drone  
  20  1:51  Overlord  
  20  2:02  Queen  
  20  2:03  Queen, Zergling x2  
  20  2:05  Zergling x2  
  26  2:11  Drone  
  27  2:16  Metabolic Boost  
  27  2:19  Drone  
  28  2:23  Drone x2  
  30  2:41  Hatchery  
  30  2:44  Drone  
  30  2:48  Zergling x2  
  30  2:49  Zergling x2  
  30  2:50  Zergling x2  
  33  2:55  Overlord  
  33  2:57  Drone  
  34  3:03  Queen  
  35  3:17  Drone x5  
  35  3:18  Drone  
  40  3:24  Spore Crawler  
  38  3:27  Drone x2  
  40  3:35  Drone  
  40  3:38  Overlord  
  42  3:46  Overlord  
  42  3:50  Overlord  
  42  3:56  Drone x3  
  42  3:57  Overlord  
  42  3:59  Drone x3  
  47  4:03  Drone  
  47  4:07  Drone x2  
  50  4:11  Lair  
  50  4:16  Drone x3  
  53  4:21  Drone  
  53  4:22  Drone x2  
  56  4:26  Drone, Roach Warren  
  56  4:27  Drone  
  56  4:29  Drone  
  58  4:31  Drone  
  58  4:32  Drone  
  58  4:33  Drone  
  58  4:37  Overlord  
  61  4:40  Extractor  
  61  4:41  Extractor  
  61  4:44  Drone x2  
  61  4:46  Queen  
  61  4:48  Extractor  
  61  4:49  Drone x2  
  64  4:53  Zergling x8  
  64  4:55  Overlord  
  68  5:01  Overlord  
  68  5:02  Drone x3  
  71  5:08  Roach  
  71  5:11  Glial Reconstitution  
  71  5:13  Overseer  
  73  5:15  Roach x3  
  73  5:18  Overlord  
  79  5:22  Roach x3  
  79  5:26  Overlord  
  85  5:31  Roach x3  
  85  5:32  Roach  
  85  5:35  Overlord  
  93  5:37  Overlord  
  91  5:44  Roach x3  
  97  5:51  Drone  
  97  5:52  Drone x2  
  97  5:54  Extractor  
  97  5:55  Evolution Chamber  
  98  5:57  Drone  
  98  5:58  Drone, Spire  
  99  6:06  Hydralisk Den  
  99  6:07  Drone x6  
  104  6:15  Drone x3  
  103  6:22  Drone x2  
  103  6:23  Zerg Missile Weapons Level 1  
  105  6:28  Drone x3  
  108  6:34  Drone  
  108  6:35  Drone, Hatchery  
  108  6:38  Muscular Augments  
  108  6:39  Overlord  
  109  6:44  Extractor  
  107  6:53  Hydralisk x7  
  117  7:01  Hydralisk x3  
  110  7:06  Hydralisk  
  110  7:07  Hydralisk x2  
  122  7:17  Drone x5  
  122  7:18  Overseer  
  127  7:27  Drone  
  127  7:29  Spire  
  127  7:30  Drone x2  
  127  7:31  Overlord  
  127  7:36  Hydralisk x2  
  127  7:37  Hydralisk x2  
  129  7:38  Extractor  
  129  7:41  Spore Crawler  
  129  7:42  Extractor  
  129  7:43  Spore Crawler  
  133  7:44  Overlord  
  133  7:46  Overlord  
  133  7:48  Overlord x2  
  133  7:50  Grooved Spines  
  133  7:53  Overlord  
  133  7:57  Overlord  
  133  8:01  Drone x2  
  133  8:02  Drone x4  
  133  8:05  Overlord x2  
  139  8:06  Pneumatized Carapace  
  139  8:07  Overseer  
  139  8:09  Hydralisk x3  
  145  8:28  Drone  
  145  8:34  Zerg Missile Weapons Level 2  
  146  8:41  Hatchery  
  145  8:42  Corruptor x7  
  159  8:49  Corruptor  
  159  8:51  Corruptor  
  159  8:55  Corruptor  
  165  8:59  Corruptor  
  167  9:03  Overseer  
  165  9:11  Zerg Flyer Weapons Level 1, Corruptor  
  167  9:17  Corruptor  
  167  9:23  Corruptor  
  171  9:27  Corruptor  
  171  9:33  Corruptor  
  171  9:34  Corruptor  
  175  9:40  Corruptor  
  175  9:43  Corruptor  
  179  9:50  Overlord x2  
  179  9:54  Overlord  
  179  9:55  Corruptor x2  
  179  9:57  Corruptor  
  185  10:05  Corruptor  
  187  10:10  Corruptor  
  187  10:11  Corruptor  
  191  10:23  Corruptor  
  191  10:24  Infestation Pit  
  191  10:25  Roach x3  
  186  10:45  Corruptor x4  
  186  10:48  Overlord  
  184  10:58  Corruptor x3  
  184  11:03  Hive  
  174  11:28  Corruptor x5  
  174  11:31  Hydralisk  
  174  11:32  Hydralisk  
  180  11:35  Zergling x42, Hydralisk  
  199  11:54  Hydralisk x9  
  177  11:58  Corruptor  
  177  12:00  Zergling x2  
  177  12:01  Zergling x14  
Tags
 
Add a new tag
Caveats
  • Supply blocks, unpowered buildings, or Contaminate may cause inaccurate times.
  • Supply counts are checked every 10 seconds.